 Dungeon Crawl Stone Soup version 0.29.1-2-gbd0b4ee654 (webtiles) character file.

Game seed: 16595274832492760809

64 Descartes the Magician (level 3, -1/18 HPs)
             Began as a Spriggan Wanderer on Nov 12, 2022.
             Splashed by a jelly's acid (4 damage)
             ... on level 3 of the Dungeon.
             The game lasted 00:03:00 (2236 turns).

Descartes the Magician (Spriggan Wanderer)          Turns: 2236, Time: 00:03:00

Health: -1/18      AC: -5    Str:  7    XL:     3   Next: 91%
Magic:  9/9        EV: 17    Int: 17    God:
Gold:   139        SH:  0    Dex: 13    Spells: 9/10 levels left

rFire   . . .      SeeInvis +   a - +2 falchion
rCold   . . .      Faith    .   (no shield)
rNeg    . . .      Spirit   .   d - +0 robe
rPois   .          Reflect  .   (helmet restricted)
rElec   .          Harm     .   b - +0 cloak
rCorr   .          Rampage  .   (gloves unavailable)
Will    .....                   (boots unavailable)
Stlth   ++........              (no amulet)
HPRegen 0.06/turn               (no ring)
MPRegen 0.11/turn               (no ring)

@: corroded, very quick
A: very small, no large weapons, unfitting armour, see invisible, speed 3
a: no special abilities


You were on level 3 of the Dungeon.
You visited 1 branch of the dungeon, and saw 3 of its levels.

You collected 139 gold pieces.

Inventory:

Hand Weapons
 a - a +2 falchion (weapon)
 o - a +0 dagger of draining
Missiles
 g - 9 poisoned darts
 j - 2 boomerangs
Armour
 b - a +0 cloak (worn)
 d - a +0 robe (worn)
Scrolls
 e - 3 scrolls of teleportation {unknown}
 f - 2 scrolls of identify {unknown}
 h - a scroll of blinking {unknown}
 m - a scroll of fog {unknown}
 n - a scroll of enchant armour {unknown}
Potions
 c - a potion of curing
 i - a potion of attraction {unknown}
 k - a potion of lignification {unknown}
 l - a potion of heal wounds {unknown}
 p - a potion of degeneration {unknown}


   Skills:
 - Level 1.5 Fighting
 + Level 1.8(2.3) Short Blades
 - Level 1.5(1.8) Long Blades
 + Level 2.9 Dodging
 + Level 3.4 Stealth
 + Level 4.2 Spellcasting
 + Level 1.7 Hexes


You had 9 spell levels left.
You knew the following spells:

 Your Spells              Type           Power      Damage    Failure   Level
a - Slow                  Hex            36%        N/A       8%          1

Your spell library contained the following spells:

 Spells                   Type           Power      Damage    Failure   Level
 Necrotise                Necr           12%        1d4       16%         1
 Tukima's Dance           Hex            9%         N/A       22%         3
 Vampiric Draining        Necr           3%         2d6       43%         3
 Agony                    Necr           3%         N/A       99%         5


Dungeon Overview and Level Annotations

Branches:
Dungeon (3/15)

Altars:
Yredelemnul


Innate Abilities, Weirdness & Mutations

You are very small and have problems with some larger weapons.
You are too small for most types of armour.
You have supernaturally acute eyesight. (SInv)
You cover ground extremely quickly. (Speed+++)


Message History

No target in view!
No target in view!
No target in view!
No target in view!
No target in view!
No target in view!
No target in view!
No target in view!
No target in view!
A rat comes into view.
The rat closely misses you.
You closely miss the rat. The rat bites you.
You closely miss the rat. The rat bites you.
You slash the rat!
You kill the rat!
No target in view!
No target in view!
No target in view!
No target in view!
You now have 139 gold pieces (gained 13).
You see here a +2 falchion of distortion.
g - 9 poisoned darts (gained 5)
There is a stone staircase leading down here.
Done exploring.
Done exploring.
There is a stone staircase leading down here.
You climb downwards.
You hear the sound of rushing water.
There is an entrance to a sewer on this level.
Hurry and find it before the portal rusts away!
Found a barding.
There is a stone staircase leading up here.
The helpless jelly fails to defend itself.
You slash the jelly! The acid corrodes you!
Your hands burn!
The jelly is moderately wounded.
The jelly hits you.
You are splashed with acid!
* * * LOW HITPOINT WARNING * * *
The jelly misses you. The jelly barely misses you.
You hit the jelly. The acid corrodes you!
Your hands burn!
You die...

#..# #..##
#...##
#....#####
#.........
#.........
#.[.......
#.........
#J@.......
##<.......
##.....#.
######


You could see a jelly.

Vanquished Creatures
  A gnoll (D:1)
  2 adders
  6 bats
  2 endoplasms
  A giant cockroach (D:2)
  5 goblins
  A hobgoblin (D:2)
  4 jackals (D:1)
  2 quokkas (D:1)
  4 ball pythons (D:2)
  2 frilled lizards (D:1)
  A kobold (D:1)
  4 rats
35 creatures vanquished.

Notes
Turn   | Place    | Note
-------+----------+-------------------------------------------
     0 | D:1      | Descartes the Spriggan Wanderer began the quest for the
                  | Orb.
     0 | D:1      | Descartes set off with the following items: a +2 falchion,
                  | a +0 cloak, a potion of curing, a +0 robe; and the
                  | following spell memorised: Slow; and the following spells
                  | available to memorise: Tukima's Dance.
     0 | D:1      | Reached XP level 1. HP: 10/10 MP: 6/6
   417 | D:1      | Reached XP level 2. HP: 14/14 MP: 8/8
   444 | D:1      | Reached skill level 1 in Short Blades
  1039 | D:1      | Reached XP level 3. HP: 13/18 MP: 9/9
  1254 | D:2      | Found a basalt altar of Yredelemnul.
  1939 | D:2      | Found a faded altar of an unknown god.
  2236 | D:3      | Splashed by a jelly's acid

Illustrated notes

Levels and vault maps discovered:
D:1:      minmay_arrival_shattered_statue, layout_loops_ring
D:2:      layout_rooms, dreamdust_ecumenical_altar_angels_and_demons,
          basic_altar
D:3:      layout_rooms, grunt_temple_overflow_open, portal_sewer_entry_d,
          minmay_cupped

Skill      XL: |  1  2 |
---------------+-------+-----
Stealth        | 2 3 |  3.4
Dodging        | 2 |  2.9
Short Blades   | 1 |  1.8
Fighting       | |  1.5
Long Blades    | |  1.5
Spellcasting   | |  4.2
Hexes          | |  1.7

Action                   || total
-------------------------++-------
Melee: Falchion          ||   123
       Punch             ||     1
 Stab: Sleeping          ||    10
Armor: Robe              ||    21
Dodge: Dodged            ||   122
